Description

a

VOD

https://www.youtube.com/watch?v=NueP8Jeea3c&ab_channel=Probe_SC2

Build Order

Get SALT Encoding   

  12  0:01  Probe  pylon, back to materials
  13  0:08  Probe  minerals
  14  0:19  Pylon  
  14  0:23  Probe  gateway, cronoboost after it spawns, back to min
  15  0:31  Probe  minerals
  16  0:44  Gateway  
  16  0:45  Probe  gas
  17  0:52  Assimilator  
  17  0:53  Probe  gas
  18  0:59  Probe  nexus, cybernetics core, to natural minerals
  19  1:09  Probe  gas
  20  1:23  Nexus  
  20  1:33  Cybernetics Core  
  20  1:39  Assimilator  
  20  1:40  Probe  pylon, to 2nd gas
  21  1:45  Probe   gas, chrono
  22  1:53  Pylon  
  23  2:10  Warp Gate, Adept  
  25  2:16  Probe  natural
  26  2:23  Robotics Facility  
  26  2:24  Shield Battery  At Natural
  26  2:26  Probe  natural
  29  2:32  Stalker  
  29  2:36  Probe  natural
  30  2:38  Probe  natural
  31  2:42  Probe  natural
  32  2:45  Probe  natural
  32  2:48  Probe  natual
  34  2:56  Probe x2  natural, natural
  34  3:01  Sentry  
  38  3:08  Probe x2  natural, natural
  39  3:12  Observer  
  41  3:17  Pylon  
  41  3:20  Probe x2  natural, natural
  44  3:33  Immortal  
  49  3:40  Twilight Council, Forge  
  49  3:42  Probe  natural
  50  3:43  Pylon  
  50  3:45  Probe  natural
  51  3:50  Probe  gas
  51  3:52  Action  Chrono Robo
  52  3:55  Assimilator x2  
  52  3:56  Probe x2  gas, gas
  54  4:06  Immortal  
  58  4:08  Probe x2  gas, gas
  58  4:12  Pylon  
  60  4:20  Protoss Ground Weapons Level 1  
  60  4:25  Pylon  
  60  4:27  Charge  
  60  4:35  Gateway x7  
  60  5:01  Templar Archives  
  60  5:02  Action  Chrono Forge
  60  5:08  Warp Prism  
  62  5:13  Zealot  
Spawning Tool Build Advisor. Get it on Overwolf

Go to:

Details

  • Created by: jjbailey1004
  • Published on: Nov 26, 2024
  • Modified on: Nov 26, 2024
  • Patch: 5.0.11
  • Difficulty: Easy
Show
View Real Time Build Order
Export as new Build Order

Comments (0)

There are no comments. Be the first!

Create an account to comment!